 Dungeon Crawl Stone Soup version 0.27-a0-1548-gf8a67e7463 (webtiles) character file.

Game seed: 16990585968682336379

196 Demosthentine the Poker (level 5, 0/41 HPs)
             Began as a Merfolk Gladiator on July 13, 2021.
             Slain by a rat (1 damage)
             ... on level 3 of the Dungeon.
             The game lasted 00:01:34 (2405 turns).

Demosthentine the Poker (Merfolk Gladiator)         Turns: 2405, Time: 00:01:35

Health: 0/41       AC:  5    Str: 14 (15) XL:     5   Next: 75%
Magic:  5/5        EV: 13    Int:  7 (8)  God:
Gold:   86         SH:  0    Dex: 12 (15) Spells: 4/4 levels left

rFire    . . .     SeeInvis .   a - +0 trident
rCold    . . .     Faith    .   (no shield)
rNeg     . . .     Spirit   .   b - +0 leather armour
rPois    .         Reflect  .   c - +1 helmet
rElec    .         Harm     .   (no cloak)
rCorr    .         Rampage  .   (no gloves)
Will     .....                  (no boots)
Stlth    +.........             (no amulet)
HPRegen  0.13/turn              (no ring)
MPRegen  0.09/turn              (no ring)

@: confused, attractive
A: (nimble swimmer 2), mertail
a: no special abilities


You were on level 3 of the Dungeon.
You visited 1 branch of the dungeon, and saw 3 of its levels.

You collected 86 gold pieces.

Inventory:

Hand Weapons
 a - a +0 trident (weapon)
Missiles
 d - 3 throwing nets (quivered)
Armour
 b - a +0 leather armour (worn)
 c - a +1 helmet (worn)
 j - a +0 buckler
Scrolls
 f - a scroll of teleportation


   Skills:
 + Level 3.6 Fighting
 + Level 5.7 Polearms
 - Level 2.0 Throwing
 + Level 1.7 Armour
 + Level 5.3 Dodging
 + Level 0.8 Shields


You had 4 spell levels left.
You didn't know any spells.
Your spell library was empty.

Dungeon Overview and Level Annotations

Branches:
Dungeon (3/15)

Altars:


Innate Abilities, Weirdness & Mutations

((You are quick and stealthy near water. (Stealth+, EV+, Speed+++)))
Your lower body shifts to a powerful aquatic tail in water.


Message History

Something hits you but does no damage.
You barely miss something. Something hits you.
* * * LOW HITPOINT WARNING * * *
You miss something. Something hits you.
* * * LOW HITPOINT WARNING * * *
You miss something. Something hits you.
* * * LOW HITPOINT WARNING * * *
You miss something. Something hits you.
* * * LOW HITPOINT WARNING * * *
Something hits you but does no damage.
It was a potion of attraction.
You feel attractive to monsters. Something hits you.
* * * LOW HITPOINT WARNING * * *
It was a potion of degeneration.
There was something very wrong with that liquid.
You feel weakened.
You feel dopey.
You feel clumsy. Something completely misses you.
You hit something. Something hits you.
* * * LOW HITPOINT WARNING * * *
You miss something.
You hear some strange, mumbled words.
Something tries to affect you, but you resist.
You completely miss something.
You hear some strange, mumbled words.
You are confused.
Unknown command.
You puncture something!
Reactivating autopickup.
You feel a bit more experienced.
Unknown command.
You bump into the rock wall.
The rat bites you but does no damage.
Unknown command.
You bump into the rock wall.
The rat bites you but does no damage.
Unknown command.
You hit the rat but do no damage. The rat bites you.
* * * LOW HITPOINT WARNING * * *
Unknown command.
The rat bites you.
You die...

### #......# ...
.... #......##.#.#
..
.....##.##..###.#.#
#. ........##..#
#.#.# #.
.....##.##..###.#.#
....
#)##........######
###
#)###.###........<
#r###.#.....######
#@..........# #
#######.###.# # #.#
#.# #.# #.# #.# #.#
### #.######
#....... #.######
#.#


You could see a rat.

Vanquished Creatures
  An iguana (D:2)
  2 orc wizards (D:3)
  3 gnolls (D:2)
  3 adders (D:2)
  3 dart slugs
  An orc (D:3)
  3 ball pythons (D:1)
  3 bats
  9 endoplasms
  2 giant cockroaches (D:2)
  2 goblins (D:2)
  2 hobgoblins
  12 jackals
  5 kobolds (D:1)
  A quokka (D:1)
  2 frilled lizards
  4 rats
58 creatures vanquished.

Notes
Turn   | Place    | Note
-------+----------+-------------------------------------------
     0 | D:1      | Demosthentine the Merfolk Gladiator began the quest for the
                  | Orb.
     0 | D:1      | Reached XP level 1. HP: 16/16 MP: 1/1
   136 | D:1      | Reached XP level 2. HP: 19/23 MP: 2/2
   366 | D:1      | Found a faded altar of an unknown god.
   504 | D:1      | Reached XP level 3. HP: 24/28 MP: 3/3
  1096 | D:2      | Reached skill level 5 in Polearms
  1096 | D:2      | Reached skill level 1 in Armour
  1096 | D:2      | Reached XP level 4. HP: 28/35 MP: 4/4
  1670 | D:2      | Reached skill level 5 in Dodging
  1679 | D:2      | Reached XP level 5. HP: 16/41 MP: 5/5
  2395 | D:3      | HP: 2/41 [something (2)]
  2404 | D:3      | HP: 1/41 [rat (1)]
  2405 | D:3      | Slain by a rat

Illustrated notes

Levels and vault maps discovered:
D:1:      saegor_arrival_simple_a, layout_basic,
          shapermc_ecumenical_altar_totnotflames, minmay_small_reverse_x
D:2:      layout_basic, serial_bayou_ford_a
D:3:      layout_basic, serial_shops, nicolae_shop_stone,
          chequers_serial_rivers_small_b, chequers_serial_rivers_micro_e,
          hex_intersection

Skill      XL: |  1  2  3  4 |
---------------+-------------+-----
Fighting       | 3 |  3.6
Polearms       | 5 |  5.7
Armour         | 1 |  1.7
Dodging        | 5 |  5.3
Throwing       | |  2.0
Shields        | |  0.8

Action                   |  1- 3 |  4- 6 || total
-------------------------+-------+-------++-------
Melee: Trident           |   108 |   117 ||   225
  Use: Scroll            |     2 |     1 ||     3
       Potion            |       |     3 ||     3
 Stab: Sleeping          |     2 |     1 ||     3
Armor: Leather armour    |    24 |    38 ||    62
Dodge: Dodged            |    53 |    59 ||   112

Table legend: (Time is in decaauts)
 A = Elapsed time spent in this place.
 B = Non-inter-level travel time spent in this place.
 C = Inter-level travel time spent in this place.
 D = Time resting spent in this place.
 E = Time spent auto-exploring this place.
 F = Levels seen in this place.
 G = Mean time per level.
                   A        B        C        D        E       F      G
               +--------+--------+--------+--------+--------+-----+--------+
         Total |   2398 |   2359 |     39 |      0 |   1947 |   3 |  799.3 |
       Dungeon |   2398 |   2359 |     39 |      0 |   1947 |   3 |  799.3 |
               +--------+--------+--------+--------+--------+-----+--------+

Top non-repeatable levels by time:
     D:2: 1299 daAuts
     D:1: 964 daAuts
     D:3: 135 daAuts
